AoeStats
← BYoooo

Arabia

510100135Analyzed
1v1 RM · 3d ago on Sep 29, 2026· 18m 52s· 2 players
Game mode
Random Map
Map size
Tiny (2 player)
Population
200
Speed
Normal
Resources
Standard
Victory
Conquest
Starting age
Dark Age
Ending age
Imperial Age
RankedLock teamsTeams togetherTeam positionsShared explorationLock speedFull tech treeHidden civsTurbo modeCheats
Victory
Defeat
🇯🇵 Goths · Japan
706
+16
🇩🇪 Franks · Germany
708
-16
PrincessLamb444
1:07 Loom
15:10 Feudal Age
15:46 Man-at-Arms
BYoooo
11:10 Feudal Age
11:52 Double-Bit Axe
12:39 Loom
15:57 Scale Barding Armor
18:03 Castle Age
Connection lost

Rejoining the realm…

Still unreachable

The connection could not be restored.

Session expired

The server has moved on; the page needs a fresh start.